 Dungeon Crawl Stone Soup version 0.26-a0-712-ga5a9c9c9d0 (webtiles) character file.

Game seed: 1747297722593118041

84 kae the Insei (level 4, -16/29 HPs)
             Began as an Octopode Transmuter on Nov 6, 2020.
             Demolished by a gnoll
             ... wielding a +0 halberd
              (19 damage)
             ... on level 2 of the Dungeon.
             The game lasted 00:01:05 (1311 turns).

kae the Insei (Octopode Transmuter)                 Turns: 1311, Time: 00:01:06

Health: -16/29     AC:  1    Str: 10    XL:     4   Next: 45%
Magic:  7/7        EV: 13    Int: 15    God:
Gold:   132        SH:  0    Dex: 12    Spells: 6/7 levels left

rFire    . . .     SeeInvis .   a - +2 whip (vamp)
rCold    . . .     Faith    .   (no shield)
rNeg     . . .     Spirit   .   (helmet restricted)
rPois    .         Reflect  .   (no amulet)
rElec    .         Harm     .   (no ring)
rCorr    .         Rampage  .   (no ring)
MR       .....                  (no ring)
Stlth    ++........             (no ring)
HPRegen  0.09/turn              (no ring)
MPRegen  0.10/turn              (no ring)
                                (no ring)
                                (no ring)

@: no status effects
A: almost no armour, stealthy swim, amphibious, 8 rings, constrict 8, camouflage
1, gelatinous body 1
a: no special abilities


You were on level 2 of the Dungeon.
You visited 1 branch of the dungeon, and saw 2 of its levels.

You collected 132 gold pieces.

Inventory:

Hand Weapons
 a - a +2 vampiric whip (weapon)
Jewellery
 g - an uncursed ring of stealth {unknown}
Scrolls
 b - a scroll of amnesia {unknown}
 e - a scroll of enchant armour {unknown}
Potions
 f - a potion of might {unknown}
 h - a potion of mutation {unknown}


   Skills:
 + Level 1.6 Fighting
 + Level 2.4 Dodging
 * Level 3.7 Unarmed Combat
 + Level 2.3 Spellcasting
 * Level 3.0 Transmutations


You had 6 spell levels left.
You knew the following spells:

 Your Spells              Type           Power        Failure   Level
a - Beastly Appendage     Tmut           ##....       6%          1

Your spell library contained the following spells:

 Spells                   Type           Power        Failure   Level
 Wereblood                Tmut           ##......     10%         2
 Spider Form              Tmut/Pois      #.........   34%         3
 Ice Form                 Ice/Tmut       #.......     75%         4
 Blade Hands              Tmut           ##........   86%         5


Dungeon Overview and Level Annotations

Branches:
Dungeon (2/15)

Altars:


Innate Abilities, Weirdness & Mutations

You cannot wear most types of armour.
You are very stealthy in the water. (Stealth+)
You are amphibious.
You can wear up to eight rings at the same time.
You can use your tentacles to constrict eight enemies at once.
Your skin changes colour to match your surroundings (Stealth+).
Your rubbery body absorbs attacks. (AC +1, EV +1)


Message History

You see here a gnoll corpse.
Items here: ( )) ††.
A quokka comes into view.
Items here: ))) ÷÷÷ †.
You whack the quokka!
You feel better.
You kill the quokka!
The gnoll throws a stone.
The stone barely misses you.
The gnoll throws a stone.
The stone hits you but does no damage.
You see here a quokka corpse.
The gnoll throws a stone.
The stone hits you!
* * * LOW HITPOINT WARNING * * *
You see here a stone.
The gnoll throws a stone.
The stone misses you.
There is a stone staircase leading up here.
Things that are here:
a +0 spear; a gnoll corpse The gnoll throws a stone.
The stone closely misses you.
The gnoll hits you from afar with a +0 halberd!!
Ouch! That really hurt!
You die...

###.#.... .....>..#
#.......#######
#.....(.(†)).(##
......((####...##
#........##..†..###
#........(.g.(g...#
#.......###....(#.#
#.......# #...@##.#
..##.#### #.#÷..#.#
# # ..
#.[.....##.#### .##
##............$.
#...=...<.#.#
............# #
###.........#
##........#
............


You could see 2 gnolls.

Vanquished Creatures
  5 gnolls (D:2)
  An adder (D:2)
  A leopard gecko (D:2)
  2 bats (D:1)
  2 giant cockroaches (D:1)
  5 goblins
  2 hobgoblins
  2 jackals (D:2)
  3 kobolds (D:2)
  A quokka (D:2)
  2 rats
26 creatures vanquished.

Notes
Turn   | Place    | Note
-------+----------+-------------------------------------------
     0 | D:1      | kae the Octopode Transmuter began the quest for the Orb.
     0 | D:1      | Reached XP level 1. HP: 13/13 MP: 3/3
   228 | D:1      | Reached XP level 2. HP: 14/18 MP: 3/5
   918 | D:2      | Reached XP level 3. HP: 15/23 MP: 4/6
  1210 | D:2      | Reached XP level 4. HP: 17/28 MP: 5/7
  1311 | D:2      | Demolished by a gnoll

Illustrated notes

Levels and vault maps discovered:
D:1:      dpeg_arrival_concentric_ovals, layout_basic, minmay_pentomino_s2
D:2:      layout_loops_ring

Skill      XL: |  1  2  3  4 |
---------------+-------------+-----
Transmutations | 3 |  3.0
Fighting       | |  1.6
Dodging        | |  2.4
Unarmed Combat | |  3.7
Spellcasting   | |  2.3

Action                   |  1- 3 |  4- 6 || total
-------------------------+-------+-------++-------
Melee: Whip              |    40 |     9 ||    49
       Constrict         |    13 |     3 ||    16
       Tentacles         |     2 |     3 ||     5
       Kick              |    10 |     1 ||    11
 Cast: Beastly Appendage |    11 |     2 ||    13
  Use: Potion            |     2 |       ||     2
 Stab: Sleeping          |     3 |       ||     3
Armor: Skin              |     1 |       ||     1
Dodge: Dodged            |    29 |    10 ||    39

Table legend: (Time is in decaauts)
 A = Elapsed time spent in this place.
 B = Non-inter-level travel time spent in this place.
 C = Inter-level travel time spent in this place.
 D = Time resting spent in this place.
 E = Time spent auto-exploring this place.
 F = Levels seen in this place.
 G = Mean time per level.
                   A        B        C        D        E       F      G
               +--------+--------+--------+--------+--------+-----+--------+
         Total |   1297 |   1252 |     45 |    225 |    842 |   2 |  648.5 |
       Dungeon |   1297 |   1252 |     45 |    225 |    842 |   2 |  648.5 |
               +--------+--------+--------+--------+--------+-----+--------+

Top non-repeatable levels by time:
     D:1: 1103 daAuts
     D:2: 194 daAuts
